 Dungeon Crawl Stone Soup version 0.24.0-1-gfbc8707122 (webtiles) character file.

Game seed: 16538293940996849928, levelgen mode: deterministic

116 Esekla the Ducker (level 4, -6/26 HPs)
             Began as a Vampire Warper on Oct 28, 2019.
             Mangled by an ogre
             ... wielding a +0 giant club
              (31 damage)
             ... on level 4 of the Dungeon.
             The game lasted 00:13:34 (2786 turns).

Esekla the Ducker (Vampire Warper)                  Turns: 2786, Time: 00:13:35

Health: -6/26      AC:  5    Str: 10    XL:     4   Next: 69%
Magic:  7/7        EV: 13    Int: 15    God:
Gold:   171        SH:  0    Dex: 14    Spells: 3/7 levels left

rFire    . . .     SeeInvis +   a - +0 falchion
rCold    + + .     Gourm    .   (no shield)
rNeg     + + +     Faith    .   b - +1 leather armour
rPois    ∞         Spirit   .   (no helmet)
rElec    .         Reflect  .   k - +0 cloak
rCorr    .         Harm     .   (no gloves)
MR       .....                  (no boots)
Stlth    ++........             (no amulet)
HPRegen  0.00/turn              m - ring of attention (curse)
MPRegen  0.10/turn              (no ring)

@: bloodless, regenerating quickly
A: no food, fangs 3, see invisible, unbreathing
a: Bat Form, Revivify


You were on level 4 of the Dungeon.
You were bloodless.

You visited 1 branch of the dungeon, and saw 4 of its levels.

You collected 171 gold pieces.

Inventory:

Hand Weapons
 a - a +0 falchion (weapon)
Missiles
 e - 5 boomerangs of dispersal (quivered)
 i - 2 boomerangs
Armour
 b - a +1 leather armour (worn)
 k - a +0 cloak (worn)
Jewellery
 m - a cursed ring of attention (left hand)
Scrolls
 c - 2 scrolls of remove curse
 d - a scroll of blinking
 h - 3 scrolls of teleportation
Potions
 f - 2 potions of haste {unknown}
 g - a potion of agility
 j - 2 potions of resistance
 l - a potion of magic
 n - a potion of curing {unknown}


   Skills:
 + Level 2.2 Fighting
 + Level 3.2 Long Blades
 - Level 0.7 Throwing
 + Level 1.2 Armour
 * Level 3.2 Dodging
 + Level 1.1 Stealth
 - Level 2.0 Spellcasting
 * Level 1.3 Charms
 + Level 2.5 Translocations


You had 3 spell levels left.
You knew the following spells:

 Your Spells              Type           Power        Failure   Level  Hunger
a - Shroud of Golubria    Chrm/Tloc      #.....       21%         2    N/A
b - Blink                 Tloc           N/A          16%         2    N/A

Your spell library contained the following spells:

 Spells                   Type           Power        Failure   Level  Hunger
 Gell's Gravitas          Tloc           #.........   30%         3    N/A
 Lesser Beckoning         Tloc           #.........   30%         3    N/A
 Teleport Other           Tloc           #.......     30%         3    N/A
 Passage of Golubria      Tloc           N/A          71%         4    N/A

Dungeon Overview and Level Annotations

Branches:
Dungeon (4/15)
 Temple: D:4-7

Altars:
Okawaru
Uskayaw


Innate Abilities, Weirdness & Mutations

You do not eat.
You do not regenerate when monsters are visible.
You are frail without blood (-20% HP).
You can heal yourself when you bite living creatures.
You are immune to poison.
You have razor-sharp teeth.
You have supernaturally acute eyesight. (SInv)
You can survive without breathing.


Message History

2 ogres and a skeleton come into view.
Found an escape hatch in the ceiling.
Found a stone staircase leading down.
There is a stone staircase leading up here.
Okay, then.
There is an escape hatch in the ceiling here.
The helpless howler monkey skeleton fails to defend itself.
You slash the howler monkey skeleton!
The howler monkey skeleton is moderately damaged.
The howler monkey skeleton completely misses you.
You hit the howler monkey skeleton.
The howler monkey skeleton is severely damaged.
The ogre shouts! x2
The howler monkey skeleton hits you.
The howler monkey skeleton barely misses you.
You riposte.
You barely miss the howler monkey skeleton.
The howler monkey skeleton is severely damaged.
The ogre hits you with a +0 giant club!!
Ouch! That really hurt!
You die...

### ###
#..... .....#
#.#..#
##.#..###.
##.........
#........#.
#.#..OO......
#....@Z.>....
###..#####.##
#.. #.# #. #.
#.


You could see 2 ogres and a howler monkey skeleton.

Vanquished Creatures
  Jessica (D:2)
  3 adders
  An ooze (D:3)
  A worm (D:3)
  A dart slug (D:3)
  2 leopard geckos
  A ball python (D:2)
  7 bats
  2 giant cockroaches
  8 goblins
  2 hobgoblins
  4 jackals (D:1)
  A quokka (D:2)
  A frilled lizard (D:1)
  8 kobolds
  7 rats
50 creatures vanquished.

Notes
Turn   | Place    | Note
-------+----------+-------------------------------------------
     0 | D:1      | Esekla the Vampire Warper began the quest for the Orb.
     0 | D:1      | Reached XP level 1. HP: 16/16 MP: 3/3
   150 | D:1      | Reached XP level 2. HP: 22/22 MP: 5/5
   162 | D:1      | Learned a level 2 spell: Shroud of Golubria
   165 | D:1      | Learned a level 2 spell: Blink
   474 | D:2      | Noticed Jessica
   495 | D:2      | Killed Jessica
   495 | D:2      | Reached skill level 1 in Armour
   495 | D:2      | Reached XP level 3. HP: 4/27 MP: 6/6
   656 | D:2      | Found an iron altar of Okawaru.
   944 | D:2      | Reached skill level 1 in Charms
  1206 | D:2      | Reached XP level 4. HP: 17/26 MP: 7/7
  2045 | D:3      | Reached skill level 1 in Stealth
  2348 | D:3      | Found a hide-covered altar of Uskayaw.
  2782 | D:4      | Noticed an ogre
  2782 | D:4      | Noticed an ogre
  2786 | D:4      | Mangled by an ogre

Levels and vault maps discovered:
D:1:      minmay_arrival_jagged, layout_basic
D:2:      layout_loops_corners, lemuel_doored_altar, uniq_jessica
D:3:      layout_loops_corners, nicolae_overflow_hidden_temple, first_ration
D:4:      layout_loops_corners, abandoned_shop, st_stairs_7

Skill      XL: |  1  2  3  4 |
---------------+-------------+-----
Fighting       | 2 |  2.2
Armour         | 1 |  1.2
Charms         | 1 |  1.3
Long Blades    | 3 |  3.2
Dodging        | 3 |  3.2
Stealth        | 1 |  1.1
Throwing       | |  0.7
Spellcasting   | |  2.0
Translocations | |  2.5

Action                   |  1- 3 |  4- 6 || total
-------------------------+-------+-------++-------
Melee: Falchion          |   100 |    77 ||   177
       Bite              |     5 |     4 ||     9
 Cast: Shroud of Golubri |     2 |       ||     2
 Abil: Exsanguinate      |     1 |       ||     1
  Use: Scroll            |     3 |     4 ||     7
 Stab: Sleeping          |     1 |     5 ||     6
Armor: Leather armour    |    28 |    21 ||    49
Dodge: Dodged            |    86 |    54 ||   140
       Rpst.: Falchion   |    19 |    17 ||    36
